 Dungeon Crawl Stone Soup version 0.29.1-13-g9f3cf754e1 (webtiles) character file.

Game seed: 2922396402368843513

40 arandomgamer the Trooper (level 3, 0/33 HPs)
             Began as a Hill Orc Abyssal Knight on Jan 26, 2023.
             Was a Priest of Lugonu.
             Succumbed to their own poison gas
             ... on level 3 of the Dungeon.
             The game lasted 00:16:34 (1782 turns).

arandomgamer the Trooper (Hill Orc Abyssal Knight)  Turns: 1782, Time: 00:16:35

Health: 0/33       AC:  4    Str: 17    XL:     3   Next: 50%
Magic:  5/5        EV: 11    Int: 10    God:    Lugonu [***...]
Gold:   60         SH:  0    Dex: 11    Spells: 2/2 levels left

rFire   + . .      SeeInvis .   c - +4 dagger (speed)
rCold   . . .      Faith    .   (no shield)
rNeg    . . .      Spirit   .   b - +1 leather armour
rPois   .          Reflect  .   (no helmet)
rElec   .          Harm     .   (no cloak)
rCorr   .          Rampage  .   (no gloves)
Will    .....                   (no boots)
Stlth   +.........              (no amulet)
HPRegen 0.11/turn               d - ring of protection from fire
MPRegen 0.09/turn               (no ring)

@: lethally poisoned (0 -> -22), on berserk cooldown, slowed, very slow
A: no striking features
a: Renounce Religion, Depart the Abyss, Bend Space, Banish


You were on level 3 of the Dungeon.
You worshipped Lugonu.
Lugonu was most pleased with you.
You visited 1 branch of the dungeon, and saw 3 of its levels.
You visited the Abyss 1 time.

You collected 60 gold pieces.

Inventory:

Hand Weapons
 a - a +1 hand axe
 c - a +4 dagger of speed (weapon)
 e - a +0 short sword
 g - a +0 spear
Missiles
 j - 5 boomerangs
Armour
 b - a +1 leather armour (worn)
 f - a +0 leather armour
 h - a +0 robe
 i - the +0 robe "Utud" {Str+4 Int+9}
   (You found it on level 2 of the Dungeon)

   Str:       It affects your strength (+4).
   Int:       It affects your intelligence (+9).
Jewellery
 d - a ring of protection from fire (left hand)
Scrolls
 o - a scroll of teleportation {unknown}
Potions
 k - a potion of flight


   Skills:
 + Level 4.2 Fighting
 + Level 1.0 Short Blades
 + Level 2.9 Axes
 + Level 2.4 Armour
 + Level 1.1 Dodging
 + Level 0.2 Stealth
 + Level 2.9 Invocations


You had 2 spell levels left.
You didn't know any spells.
Your spell library contained the following spells:

 Spells                   Type           Power      Damage    Failure   Level
 Sublimation of Blood     Necr           0%         N/A       56%         2
 Tukima's Dance           Hex            0%         N/A       80%         3
 Anguish                  Hex/Necr       0%         N/A       99%         4
 Petrify                  Tmut/Erth      0%         N/A       99%         4
 Irradiate                Conj/Tmut      0%         3d11      100%        5
 Summon Mana Viper        Hex/Summ       0%         N/A       100%        5
 Enfeeble                 Hex            0%         N/A       100%        7


Dungeon Overview and Level Annotations

Branches:
Dungeon (3/15)

Altars:


Message History

A kobold is nearby!
A kobold is nearby!
A kobold is nearby!
A kobold is nearby!
A kobold is nearby!
A kobold is nearby!
A kobold is nearby!
Really walk into that cloud of poison gas? [Y]es or [N]o only, please.
Really walk into that cloud of poison gas?
Okay, then.
You don't know any spells.
Press: ? - help, . - travel You can't see that place.
Really walk into that cloud of poison gas?
Okay, then.
It was a potion of berserk rage.
A red film seems to cover your vision as you go berserk!
You feel yourself moving faster!
You feel mighty!
Really walk into that cloud of poison gas? [Y]es or [N]o only, please.
Really walk into that cloud of poison gas?
You feel a strong urge to attack something.
You are engulfed in poison gas.
You are poisoned.
You feel very sick.
There is a stone staircase leading up here.
You are engulfed in poison gas.
You are more poisoned.
You feel very sick.
You feel your anger nearly subside.
You are engulfed in poison gas.
You are more poisoned.
You are no longer berserk.
You are exhausted.
You feel yourself slow down.
You feel very sick. The kobold hits you but does no damage.
* * * LOW HITPOINT WARNING * * *
You feel extremely sick. The kobold barely misses you.
You die...

##.# ....# ....#
.....# # ...°.#
##.#####☼○§§.# #
#....§§§§☼§§.#
.....####°K°§○§.#
.#......@.#.....#
....#########.##
. #


You could see a kobold.

Vanquished Creatures
  2 worms (D:2)
  A dart slug (D:1)
  5 bats
  3 endoplasms
  3 hobgoblins
  2 jackals (D:1)
  4 ball pythons
  7 frilled lizards
  3 goblins (D:2)
  A kobold (D:1)
  4 rats
35 creatures vanquished.

Notes
Turn   | Place    | Note
-------+----------+-------------------------------------------
     0 | Abyss:1  | arandomgamer the Hill Orc Abyssal Knight began the quest
                  | for the Orb.
     0 | Abyss:1  | Reached XP level 1. HP: 19/19 MP: 2/2
     4 | D:1      | Escaped the Abyss
   193 | D:1      | Reached XP level 2. HP: 24/27 MP: 3/3
   257 | D:1      | Found a faded altar of an unknown god.
   334 | D:1      | Got Qogy's Compilation of Guile
   711 | D:1      | Reached skill level 4 in Fighting
  1113 | D:2      | Reached XP level 3. HP: 25/33 MP: 5/5
  1153 | D:2      | Reached skill level 1 in Dodging
  1163 | D:2      | Reached *** piety under Lugonu
  1407 | D:2      | Identified the +0 robe "Utud" {Str+4 Int+9}
  1641 | D:2      | Reached skill level 1 in Short Blades
  1782 | D:3      | Succumbed to their own poison gas

Illustrated notes

Levels and vault maps discovered:
D:1:      heliophobic_arrival_henge, layout_loops_ring,
          chequers_ecumenical_altar_simple_redux, minmay_octomino_e4
D:2:      layout_rooms, minmay_misc_feat_encased
D:3:      layout_rooms, gammafunk_ghost_stat_death, portal_sewer_entry_b,
          uniq_robin, uniq_terence, uniq_ijyb

Skill      XL: |  1  2  3 |
---------------+----------+-----
Fighting       | 4 |  4.2
Dodging        | 1 |  1.1
Short Blades   | 1 |  1.0
Axes           | |  2.9
Armour         | |  2.4
Stealth        | |  0.2
Invocations    | |  2.9

Action                   || total
-------------------------++-------
Melee: Hand axe          ||    21
       Dagger            ||    99
  Use: Scroll            ||     7
       Potion            ||     3
 Stab: Sleeping          ||     1
Armor: Leather armour    ||    43
Dodge: Dodged            ||    95
